 Dungeon Crawl Stone Soup version 0.32-a0-685-g93135e86f0 (webtiles) character file.

Game seed: 9401668867059720625

377 IdlyInterested the Slasher (level 6, 0/66 HPs)
             Began as a Demonspawn Gladiator on Mar 12, 2024.
             Slain by Pikel
             ... wielding a +1 whip of flaming
              (1 damage)
             ... on level 4 of the Dungeon.
             The game lasted 00:08:29 (2985 turns).

IdlyInterested the Slasher (Demonspawn Gladiator)   Turns: 2985, Time: 00:08:30

Health: 0/66       AC: 23    Str: 15    XL:     6   Next: 45%
Magic:  6/6        EV:  2    Int:  8    God:
Gold:   141        SH:  0    Dex: 16    Spells: 5/5 levels left

rFire   . . .        (no weapon)
rCold   . . .        (no shield)
rNeg    . . .        p - melded +0 chain mail
rPois   +            c - melded +0 helmet
rElec   .            u - melded +1 cloak {Will+}
rCorr   .            (gloves currently unavailable)
SInv    .            (boots currently unavailable)
Will    .....        (no amulet)
Stlth   ++           (no ring)
HPRegen 0.31/turn    (no ring)
MPRegen 0.10/turn

%: no passive effects
@: tree-form
A: stationary, stasis, torment immunity, boosted hp, (hooves 2), repulsion field
2
a: no special abilities


You were on level 4 of the Dungeon.
You were a tree.
You visited 1 branch of the dungeon, and saw 4 of its levels.

You collected 141 gold pieces.

Inventory:

Hand Weapons
 a - a +0 long sword
 m - a +0 trident
 t - a +4 quarterstaff of chaos
 z - a +1 rapier of distortion
 A - a +1 short sword of draining
 B - a +2 short sword of distortion
Missiles
 d - 4 throwing nets
 e - a javelin
 r - 23 stones (quivered)
 C - 5 poisoned darts
Armour
 b - a +0 leather armour
 c - a +0 helmet (melded)
 i - a +0 ring mail
 p - a +0 chain mail (melded)
 u - a +1 cloak of willpower (melded)
Talismans
 l - a maw talisman
Wands
 x - a wand of flame (45)
Scrolls
 h - a scroll of brand weapon {unknown}
 j - a scroll of teleportation
 k - a scroll of fear
 n - a scroll of noise {unknown}
 o - 2 scrolls of identify {unknown}
 s - a scroll of poison {unknown}
 v - a scroll of revelation {unknown}
 w - a scroll of torment {unknown}
 y - a scroll of fog {unknown}
Potions
 g - a potion of degeneration {unknown}
 q - a potion of curing {unknown}
 D - a potion of brilliance {unknown}


   Skills:
 - Level 2.0 Fighting
 * Level 5.8 Long Blades
 - Level 2.0 Throwing
 - Level 1.0 Armour
 - Level 2.6 Dodging
 - Level 2.0 Stealth
 + Level 0.7 Unarmed Combat
 - Level 1.0 Shapeshifting


You had 5 spell levels left.
You didn't know any spells.
Your spell library contained the following spells:

 Spells                   Type           Power      Damage    Failure   Level
 Apportation              Tloc           0%         N/A       41%         1
 Necrotise                Necr           0%         1d4       41%         1
 Sting                    Conj/Alch      0%         1d3       41%         1
 Summon Small Mammal      Summ           0%         N/A       41%         1
 Anguish                  Hex/Necr       0%         N/A       99%         4
 Cause Fear               Hex            0%         N/A       99%         4
 Enfeeble                 Hex            0%         N/A       100%        7


Dungeon Overview and Level Annotations

Branches:
Dungeon (4/15)
 Temple: D:4-7

Altars:

Shops:
D:4 *

Annotations:
D:4 Pikel


Innate Abilities, Weirdness & Mutations

You are a tree.
Your roots penetrate the ground, keeping you stationary.
You cannot be teleported.
You are immune to unholy pain and torment.
Your maximum health is greatly increased.
Your equipment is partially melded.
((You have hoof-like feet.))
You are surrounded by a moderate repulsion field. (EV +3)


Message History

Pikel hits you but does no damage. The lemure hits you but does no damage.
You hit Pikel.
Pikel is lightly wounded.
Pikel hits you but does no damage. The lemure hits you but does no damage.
You hit Pikel.
Pikel is moderately wounded.
Pikel hits you but does no damage. The lemure hits you but does no damage.
You closely miss Pikel.
Pikel is moderately wounded.
Pikel hits you but does no damage. The lemure hits you but does no damage.
You miss Pikel.
Pikel is moderately wounded.
Pikel hits you but does no damage. The lemure hits you but does no damage.
You smack Pikel!
Pikel is heavily wounded.
Pikel hits you but does no damage. The lemure hits you but does no damage.
You smack Pikel!
Pikel is severely wounded.
Pikel hits you with a +1 whip of flaming.
* * * LOW HITPOINT WARNING * * *
Pikel burns you.
* * * LOW HITPOINT WARNING * * *
The lemure hits you but does no damage.
You closely miss Pikel.
Pikel is severely wounded.
Pikel hits you but does no damage. The lemure hits you!
* * * LOW HITPOINT WARNING * * *
You smack Pikel!
Pikel is almost dead.
Pikel barely misses you. The lemure completely misses you.
You barely miss Pikel.
Pikel is almost dead.
Pikel hits you but does no damage. The lemure hits you but does no damage.
You hit Pikel.
Pikel is almost dead.
Pikel hits you with a +1 whip of flaming.
* * * LOW HITPOINT WARNING * * *
Pikel burns you.
You die...
Pikel says, "See you in Hell!"

.#. ##
....#..###
.......#.##
#........#
##...###5♣#
.......#K##
..........#
.......<#.5....#
.....##(##.5K...
...# #.# #(....
#. ..# #.... .
..# #... ....
...


You could see Pikel and a lemure.

Vanquished Creatures
  The ghost of IdlyInterested the Slasher, an amateur DsGl (D:3)
  3 lemures (D:4)
  A kobold brigand (D:3)
  A bombardier beetle (D:4)
  Ijyb (D:4)
  Crazy Yiuf (D:2)
  An orc wizard (D:3)
  An adder (D:2)
  A dart slug (D:1)
  2 orcs (D:3)
  5 ball pythons
  4 endoplasms
  8 goblins
  4 hobgoblins
  3 jackals (D:2)
  4 quokkas
  7 bats
  4 frilled lizards
  9 kobolds
  5 rats
66 creatures vanquished.

Notes
Turn   | Place    | Note
-------+----------+-------------------------------------------
     0 | D:1      | IdlyInterested the Demonspawn Gladiator began the quest for
                  | the Orb.
     0 | D:1      | Reached XP level 1. HP: 16/16 MP: 1/1
   118 | D:1      | Reached skill level 3 in Long Blades
   194 | D:1      | Gained mutation: You have large cloven feet. [demonic
                  | ancestry]
   194 | D:1      | Reached XP level 2. HP: 22/22 MP: 2/2
   263 | D:1      | Reached skill level 1 in Stealth
   753 | D:2      | Gained mutation: You are surrounded by a mild repulsion
                  | field. (EV +2) [demonic ancestry]
   753 | D:2      | Reached XP level 3. HP: 19/27 MP: 3/3
  1139 | D:2      | Found a runed translucent door.
  1140 | D:2      | Noticed Crazy Yiuf
  1264 | D:2      | Reached skill level 1 in Shapeshifting
  1295 | D:2      | Found a faded altar of an unknown god.
  1783 | D:2      | Killed Crazy Yiuf
  1784 | D:2      | Reached skill level 4 in Long Blades
  1784 | D:2      | Gained mutation: You are surrounded by a moderate repulsion
                  | field. (EV +3) [demonic ancestry]
  1784 | D:2      | Reached XP level 4. HP: 19/33 MP: 4/4
  2081 | D:3      | Reached skill level 1 in Armour
  2386 | D:3      | Found a runed translucent gate.
  2386 | D:3      | Found a runed translucent gate.
  2386 | D:3      | Found a runed translucent gate.
  2388 | D:3      | Noticed IdlyInterested's ghost (amateur DsGl)
  2392 | D:3      | Noticed a kobold brigand
  2586 | D:3      | Killed a kobold brigand
  2587 | D:3      | Reached skill level 5 in Long Blades
  2587 | D:3      | Gained mutation: You have hoof-like feet. [demonic
                  | ancestry]
  2587 | D:3      | Reached XP level 5. HP: 31/38 MP: 5/5
  2602 | D:3      | Killed IdlyInterested's ghost
  2603 | D:3      | Reached XP level 6. HP: 38/44 MP: 6/6
  2720 | D:4      | Noticed Ijyb
  2733 | D:4      | Killed Ijyb
  2836 | D:4      | Found Kadghuvax's Assorted Antiques.
  2919 | D:4      | Noticed Pikel
  2982 | D:4      | HP: 2/66 [lemure[Pikel] (7)]
  2985 | D:4      | Slain by Pikel

Illustrated notes

Levels and vault maps discovered:
D:1:      psy_arrival_dodecagon, layout_loops_cross, serial_forest,
          infiniplex_forest_clump_double, infiniplex_forest_end_2,
          infiniplex_forest_clump_cross, infiniplex_forest_clump_tiny,
          infiniplex_forest_straight_5, infiniplex_forest_lined_room_2,
          infiniplex_forest_straight_2, infiniplex_forest_straight_2,
          minmay_misc_feat_room
D:2:      layout_loops_corners, ebering_ecumenical_altar_rust,
          kennysheep_generic_room_14, uniq_crazy_yiuf_cottage
D:3:      layout_basic, zin_scriptorium, gammafunk_ghost_nasty_kobolds
D:4:      layout_cave_pools, lemuel_round_altar, kennysheep_mini,
          mainiacjoe_overflow_alcove_4, serial_shops, nicolae_shop_statue_plus,
          shop, shop, nicolae_shop_just_a_little_nook, supply_closet_lemuel,
          uniq_blork_the_orc, uniq_pikel, uniq_ijyb

Skill      XL: |  1  2  3  4  5 |
---------------+----------------+-----
Long Blades    | 3 4 5 |  5.8
Stealth        | 1 2 |  2.0
Shapeshifting  | 1 |  1.0
Armour         | 1 |  1.0
Throwing       | 2 |  2.0
Fighting       | |  2.0
Dodging        | |  2.6
Unarmed Combat | |  0.7

Action                     |  1- 3 |  4- 6 || total
---------------------------+-------+-------++-------
  Melee: Long sword        |   104 |   103 ||   207
         Kick              |    15 |    28 ||    43
         Unarmed           |       |    35 ||    35
         Punch             |       |     1 ||     1
  Throw: Dart              |       |     7 ||     7
    Use: Scroll            |     1 |     1 ||     2
         Potion            |       |     5 ||     5
   Stab: Sleeping          |     1 |       ||     1
 Armour: Leather armour    |    12 |       ||    12
         Ring mail         |    52 |    49 ||   101
         Skin              |       |    66 ||    66
         Chain mail        |       |    19 ||    19
  Dodge: Dodged            |    82 |    61 ||   143

Table legend: (Time is in decaauts)
 A = Elapsed time spent in this place.
 B = Non-inter-level travel time spent in this place.
 C = Inter-level travel time spent in this place.
 D = Time resting spent in this place.
 E = Time spent auto-exploring this place.
 F = Levels seen in this place.
 G = Mean time per level.
                   A        B        C        D        E       F      G
               +--------+--------+--------+--------+--------+-----+--------+
         Total |   3021 |   2801 |    220 |    276 |   1862 |   4 |  755.2 |
       Dungeon |   3021 |   2801 |    220 |    276 |   1862 |   4 |  755.2 |
               +--------+--------+--------+--------+--------+-----+--------+

Top non-repeatable levels by time:
     D:2: 1216 daAuts
     D:3: 784 daAuts
     D:1: 778 daAuts
     D:4: 241 daAuts
